 Dungeon Crawl Stone Soup version 0.31.0-11-ge490571c62 (webtiles) character file.

Game seed: 7513528166745815007

6179 SPORTBETTER the Cleaver (level 10, -4/139 HPs)
             Began as a Minotaur Berserker on Jan 30, 2024.
             Was a High Priest of Trog.
             Killed from afar by a white imp (6 damage)
             ... with a puff of frost
             ... on level 11 of the Dungeon.
             The game lasted 00:15:20 (9701 turns).

SPORTBETTER the Cleaver (Minotaur Berserker)        Turns: 9701, Time: 00:15:21

Health: -4/139     AC: 18    Str: 26    XL:     10   Next: 60%
Magic:  9/9        EV: 10    Int:  4    God:    Trog [*****.]
Gold:   112        SH:  0    Dex: 16    Spells: 9/9 levels left

rFire   . . .        D - +0 war axe
rCold   . . .        (no shield)
rNeg    . . .        z - +0 plate armour
rPois   .            (helmet restricted)
rElec   .            (no cloak)
rCorr   .            C - +1 pair of gloves
SInv    .            E - +0 pair of boots
Will    +....        (no amulet) Stlth
                     t - ring of willpower
HPRegen 0.43/turn    y - +6 ring of dexterity
MPRegen 0.11/turn

%: no passive effects
@: berserking, on fire, glowing, studying Evocations, very quick
A: horns 2, retaliatory headbutt
a: Renounce Religion, Berserk, Trog's Hand, Brothers in Arms


You were on level 11 of the Dungeon.
You worshipped Trog.
Trog was extremely pleased with you.
You visited 1 branch of the dungeon, and saw 11 of its levels.
You also visited: Ossuary.

You collected 1331 gold pieces.
You spent 1219 gold pieces at shops.

Inventory:

Hand Weapons
 h - a +5 battleaxe of freezing
 D - a +0 war axe (weapon)
Missiles
 v - a throwing net (quivered)
Armour
 a - a +0 buckler
 z - a +0 plate armour (worn)
 C - a +1 pair of gloves (worn)
 E - a +0 pair of boots (worn)
Jewellery
 c - a ring of see invisible
 t - a ring of willpower (left hand)
 y - a +6 ring of dexterity (right hand)
Wands
 p - a wand of charming (15)
 w - a wand of iceblast (7)
Scrolls
 e - 2 scrolls of fear
 g - a scroll of summoning
 i - 2 scrolls of poison
 j - 4 scrolls of teleportation
 m - 2 scrolls of enchant weapon
 n - 2 scrolls of fog
 o - a scroll of revelation {unknown}
 u - a scroll of enchant armour {unknown}
 A - a scroll of immolation
Potions
 b - 2 potions of mutation
 d - a potion of ambrosia {unknown}
 f - 2 potions of resistance
 k - 3 potions of might
 l - 3 potions of curing
 q - 2 potions of magic
 r - 3 potions of haste
 s - 2 potions of brilliance
 x - 2 potions of heal wounds
 B - a potion of degeneration {unknown}


   Skills:
 * Level 10.3 Fighting
 * Level 10.8 Axes
 * Level 9.7 Armour
 + Level 6.5 Dodging
 + Level 6.5 Evocations


You had 9 spell levels left.
You didn't know any spells.
Your spell library was empty.

Dungeon Overview and Level Annotations

Branches:
Dungeon (11/15)            Temple (0/1) D:4         Ossuary (visited)
   Lair: D:8-11         Orc: D:9-12

Altars:
Ashenzari
Cheibriados
Dithmenos
Elyvilon
Fedhas
Gozag
Kikubaaqudgha
Makhleb
Trog
Uskayaw
Vehumet
Wu Jian
Yredelemnul
Zin
The Shining One

Shops:
D:6 :   D:7 =[[:   D:10 (   D:11 !

Portals:
Ice
Cave: D:11


Innate Abilities, Weirdness & Mutations

You have a pair of horns on your head.
You reflexively headbutt those who attack you in melee.


Message History

You headbutt the fire elemental! The troll bites you but does no damage.
The troll claws you. The troll claws you! The white imp gestures at you.
The puff of frost hits you!
The deep elf pyromancer points at you and mumbles some strange words.
The pyre arrow hits you.
You are covered in intense liquid fire!
The fire elemental hits you. The fire elemental burns you!
The fire elemental hits you. The fire elemental burns you!
You are too injured to fight recklessly!
A red film seems to cover your vision as you go berserk!
You feel yourself moving faster!
You feel mighty! The liquid fire burns you!
* * * LOW HITPOINT WARNING * * *
The troll barely misses you. The troll claws you but does no damage.
The troll claws you.
* * * LOW HITPOINT WARNING * * *
The white imp closely misses you.
The deep elf pyromancer hits you with a +0 long sword.
* * * LOW HITPOINT WARNING * * *
The fire elemental hits you. The fire elemental burns you!
* * * LOW HITPOINT WARNING * * *
The fire elemental hits you. The fire elemental burns you!
* * * LOW HITPOINT WARNING * * *
You closely miss the fire elemental.
The fire elemental is heavily damaged.
You closely miss the fire elemental. You miss the deep elf pyromancer.
You barely miss the troll. You closely miss the white imp.
You closely miss the fire elemental. The liquid fire burns you!
* * * LOW HITPOINT WARNING * * *
The fire elemental barely misses you. The troll bites you but does no damage.
The troll barely misses you. x2
The deep elf pyromancer hits you with a +0 long sword!
* * * LOW HITPOINT WARNING * * *
The fire elemental closely misses you. You furiously retaliate!
You headbutt the fire elemental! The white imp gestures at you.
The puff of frost hits you.
You die...

#...# #...#
#####...#
##.......# .
.........######..
....∩............
......TE.........
......5@E<......#
...#.##Ee☼......#
#....°.....#
...§~~.....##
###.~∩≈.....#
#.~~≈..)..#
#.........#
####......#


You could see a deep elf pyromancer, a troll, 3 fire elementals and a white imp.

Vanquished Creatures
  A gargoyle (D:10)
  A kobold demonologist (D:10)
  A hornet (D:8)
  6 yaks (D:10)
  A steam dragon (D:8)
  3 water moccasins
  2 orc warriors
  3 black bears
  A sky beast (D:7)
  2 ice beasts (D:6)
  An ogre (D:4)
  A kobold brigand (D:10)
  6 bullfrogs
  2 gnoll sergeants
  3 scorpions (D:5)
  9 wights (D:8)
  13 killer bees
  2 howler monkeys
  4 orc priests
  2 centaur zombies (Ossuary)
  5 bombardier beetles
  6 hounds
  A jelly (D:7)
  Jessica (D:2)
  9 iguanas
  9 orc wizards
  A sleepcap (D:4)
  4 crocodile zombies (Ossuary)
  A mummy (Ossuary)
  8 gnolls
  6 adders
  13 white imps
  4 ufetubi
  A ribbon worm (D:5)
  2 dart slugs
  26 orcs
  5 ball pythons
  3 endoplasms (D:2)
  3 giant cockroaches
  11 goblins
  5 hobgoblins
  3 jackals (D:1)
  4 quokkas
  5 bats
  7 frilled lizards
  24 kobolds
  2 kobold zombies (Ossuary)
  5 rats
238 creatures vanquished.

Notes
Turn   | Place    | Note
-------+----------+-------------------------------------------
     0 | D:1      | SPORTBETTER the Minotaur Berserker began the quest for the
                  | Orb.
     0 | D:1      | Reached XP level 1. HP: 19/19 MP: 0/0
    42 | D:1      | Reached XP level 2. HP: 17/27 MP: 1/1
   277 | D:1      | Reached ** piety under Trog
   448 | D:1      | Reached XP level 3. HP: 32/34 MP: 2/2
  1112 | D:2      | Reached XP level 4. HP: 37/41 MP: 3/3
  1199 | D:2      | Noticed Jessica
  1205 | D:2      | Killed Jessica
  1450 | D:3      | Reached skill level 5 in Fighting
  1450 | D:3      | Reached skill level 5 in Axes
  1454 | D:3      | Reached *** piety under Trog
  1455 | D:3      | Reached XP level 5. HP: 25/48 MP: 4/4
  1624 | D:3      | Found an opulent altar of Gozag.
  1926 | D:3      | Found a glowing golden altar of the Shining One.
  2276 | D:4      | Noticed a water moccasin
  2286 | D:4      | Killed a water moccasin
  2287 | D:4      | Reached XP level 6. HP: 35/56 MP: 5/5
  2357 | D:4      | Reached skill level 1 in Evocations
  2405 | D:4      | Found a bloodstained altar of Trog.
  2796 | D:4      | Reached XP level 7. HP: 55/63 MP: 6/6
  2839 | D:4      | Found a staircase to the Ecumenical Temple.
  2851 | D:4      | Reached skill level 5 in Armour
  3138 | D:5      | Entered Level 5 of the Dungeon
  3293 | D:5      | Reached **** piety under Trog
  3948 | D:5      | Reached XP level 8. HP: 68/71 MP: 7/7
  4008 | D:5      | Found a snail-covered altar of Cheibriados.
  4122 | D:6      | Identified a scroll of acquirement
  4122 | D:6      | Acquired 796 gold pieces
  4210 | D:6      | Found Poemury's Vocational Training.
  4246 | D:6      | Bought a manual of Evocations for 1120 gold pieces
  4339 | D:6      | Found an ancient bone altar of Kikubaaqudgha.
  4567 | D:6      | Found a broken altar of Ashenzari.
  4693 | D:6      | Found a sand-covered staircase.
  4701 | Ossuary  | Entered an ossuary
  5195 | D:6      | Noticed a +0 hand axe
  5196 | D:6      | Found a hide-covered altar of Uskayaw.
  5196 | D:6      | Noticed a +0 hand axe
  5717 | D:7      | Reached XP level 9. HP: 70/81 MP: 8/8
  5728 | D:7      | Reached skill level 5 in Dodging
  6111 | D:7      | Found Wobu's Antique Armour Boutique.
  6111 | D:7      | Found Ogetwod's Antique Armour Shop.
  6113 | D:7      | Found Hioxig's Book Boutique.
  6388 | D:7      | Found Ugotton's Jewellery Emporium.
  6894 | D:8      | Reached ***** piety under Trog
  7210 | D:8      | Paralysed by a hornet for 3 turns
  7366 | D:8      | Reached skill level 5 in Evocations
  7512 | D:8      | Found a basalt altar of Yredelemnul.
  7569 | D:8      | Found a white marble altar of Elyvilon.
  7840 | D:9      | Reached XP level 10. HP: 87/91 MP: 9/9
  7994 | D:9      | Found a burning altar of Makhleb.
  8149 | D:9      | Reached skill level 10 in Axes
  8724 | D:10     | Entered Level 10 of the Dungeon
  8729 | D:10     | Noticed a soul eater
  8761 | D:10     | Noticed a gargoyle
  8779 | D:10     | Killed a gargoyle
  9136 | D:10     | Found Zuffidd's Weapon Shop.
  9196 | D:10     | Reached skill level 10 in Fighting
  9402 | D:10     | Found a radiant altar of Vehumet.
  9405 | D:10     | Found an ornate altar of the Wu Jian Council.
  9406 | D:10     | Found a glowing silver altar of Zin.
  9406 | D:10     | Found a blossoming altar of Fedhas.
  9410 | D:10     | Found a shadowy altar of Dithmenos.
  9608 | D:7      | Bought a pair of boots for 99 gold pieces
  9687 | D:11     | Found a frozen archway.
  9687 | D:11     | Found Lyogin's Distillery.
  9689 | D:11     | Noticed a deep elf pyromancer
  9701 | D:11     | HP: 2/139 [deep elf pyromancer/+0 long sword (7)]
  9701 | D:11     | Killed from afar by a white imp

Illustrated notes

Levels and vault maps discovered:
D:1:      erik_arrival_blinker_ship, layout_rooms, minmay_large_rounded_square,
          corexii_corridor_pit
D:2:      layout_basic, uniq_jessica
D:3:      layout_basic, mainiacjoe_overflow_small_starburst,
          mainiacjoe_overflow_paths
D:4:      layout_cave_pools, trog_hazing_becter, minmay_temple_entry_glass,
          palyth_stone_intersect
D:5:      layout_cave_pools, cheibrodos_worm_habitat, chequers_decorated_corner
D:6:      layout_loops_corners, mainiacjoe_overflow_alcove_2,
          nicolae_ashenzari_panopticon, dancing_weapons_uskayaw,
          nicolae_ossuary_entry_plus, nicolae_shop_vocational
D:7:      layout_gridville, serial_shops, nicolae_shop_tiny_real_fake_doors,
          nicolae_wooded_promenade
D:8:      layout_basic, kennysheep_ying_yang
D:9:      layout_loops_ring, bloody_makhleb
D:10:     layout_rooms, minitemple, serial_shops, shop
D:11:     layout_irregular_city, dpeg_oklobed_lair, serial_shops,
          nicolae_shop_industrial_runoff, portal_ice_cave_entry_imps

Skill      XL: |  1  2  3  4  5  6  7  8  9 10 |
---------------+-------------------------------+-----
Axes           | 4 5 6 8 9 10 | 10.8
Fighting       | 4 5 6 8 9 10 | 10.3
Armour         | 3 4 5 7 8 9 |  9.7
Dodging        | 3 4 6 |  6.5
Evocations     | 1 2 3 5 6 |  6.5

Action                     |  1- 3 |  4- 6 |  7- 9 | 10-12 || total
---------------------------+-------+-------+-------+-------++-------
  Melee: Hand axe          |    89 |    89 |   327 |       ||   505
         Headbutt          |    11 |    11 |    65 |    22 ||   109
         Punch             |       |     4 |       |     3 ||     7
         War axe           |       |       |       |   111 ||   111
  Throw: Throwing net      |       |     1 |       |       ||     1
 Invoke: Berserk           |       |       |     5 |     4 ||     9
         Trog's Hand       |       |       |       |     1 ||     1
    Use: Scroll            |       |     6 |    13 |       ||    19
         Potion            |       |       |     1 |       ||     1
 Armour: Animal skin       |    18 |       |       |       ||    18
         Ring mail         |    30 |    60 |   168 |       ||   258
         Plate armour      |       |       |    93 |   122 ||   215
  Dodge: Dodged            |    58 |    53 |   224 |    61 ||   396
